 Dungeon Crawl Stone Soup version 0.29.0-11-gd7f09526c8 (webtiles) character file.

Game seed: 11413084367183721267

630 magipi the Chopper (level 7, -1/41 HPs)
             Began as a Gargoyle Fighter on Sept 6, 2022.
             Was a Believer of Zin.
             Slain by Pikel
             ... wielding a +1 whip of flaming
              (4 damage)
             ... on level 5 of the Dungeon.
             The game lasted 00:09:41 (2370 turns).

magipi the Chopper (Gargoyle Fighter)               Turns: 2370, Time: 00:09:41

Health: -1/41      AC: 12    Str: 22    XL:     7   Next: 48%
Magic:  7/7        EV:  9    Int:  8    God:    Zin [**....]
Gold:   187        SH:  9    Dex:  9    Spells: 6/6 levels left

rFire   . . .      SeeInvis .   a - +0 war axe
rCold   . . .      Faith    .   c - +0 buckler
rNeg    + . .      Spirit   .   b - +0 scale mail
rPois   ∞          Reflect  +   s - +0 helmet
rElec   +          Harm     .   (no cloak)
rCorr   .          Rampage  .   (no gloves)
Will    .....                   (no boots)
Stlth   ..........              r - amulet of reflection
HPRegen 0.13/turn               (no ring)
MPRegen 0.10/turn               (no ring)

@: no status effects
A: sickness immunity, AC +4, negative energy resistance 1, electricity
resistance, torment resistance 1, petrification resistance
a: Renounce Religion, Recite, Vitalisation, Donate Gold


You were on level 5 of the Dungeon.
You worshipped Zin.
Zin was pleased with you.
You visited 1 branch of the dungeon, and saw 5 of its levels.

You collected 207 gold pieces.
You donated 20 gold pieces to Zin.

Inventory:

Hand Weapons
 a - a +0 war axe (weapon)
Missiles
 u - a throwing net (quivered)
Armour
 b - a +0 scale mail (worn)
 c - a +0 buckler (worn)
 s - a +0 helmet (worn)
Jewellery
 r - an amulet of reflection (around neck)
Scrolls
 d - a scroll of vulnerability {unknown}
 e - 2 scrolls of blinking {unknown}
 i - 4 scrolls of identify {unknown}
 k - a scroll of silence {unknown}
 n - 2 scrolls of fear {unknown}
 o - 2 scrolls of teleportation {unknown}
 q - a scroll of enchant armour {unknown}
 t - a scroll of amnesia {unknown}
Potions
 f - a potion of resistance {unknown}
 g - 2 potions of curing {unknown}
 h - a potion of heal wounds {unknown}
 j - a potion of lignification {unknown}
 l - a potion of degeneration {unknown}
 m - a potion of attraction {unknown}
 p - a potion of ambrosia {unknown}


   Skills:
 - Level 3.2 Fighting
 * Level 7.4 Axes
 - Level 3.2 Armour
 - Level 3.2 Shields


You had 6 spell levels left.
You didn't know any spells.
Your spell library contained the following spells:

 Spells                   Type           Power      Damage    Failure   Level
 Summon Small Mammal      Summ           0%         N/A       83%         1
 Static Discharge         Conj/Air       0%         3-3/arc   92%         2
 Call Canine Familiar     Summ           0%         N/A       99%         3
 Dazzling Flash           Conj/Hex       0%         N/A       99%         3
 Summon Guardian Golem    Hex/Summ       0%         N/A       99%         3
 Iskenderun's Mystic Bla  Conj/Tloc      0%         2d3       100%        4
 Lightning Bolt           Conj/Air       0%         1d11      100%        5
 Starburst                Conj/Fire      0%         6d3       100%        6
 Maxwell's Capacitive Co  Air            0%         ∞         100%        8


Dungeon Overview and Level Annotations

Branches:
Dungeon (5/15)
 Temple: D:4-7

Altars:
Dithmenos
Gozag
Wu Jian
Zin

Shops:
D:2 [

Annotations:
D:5 Pikel


Innate Abilities, Weirdness & Mutations

You are immune to sickness and miasma.
Your stone body is resilient. (AC +4)
You are immune to poison.
You resist negative energy. (rN+)
You are resistant to electric shocks. (rElec)
You are resistant to unholy torment.
You are immune to petrification.


Message History

Pikel hits you with a +1 whip of flaming.
Pikel burns you.
You hit Pikel but do no damage.
Pikel is almost dead.
Pikel hits you with a +1 whip of flaming!
* * * LOW HITPOINT WARNING * * *
Pikel burns you.
* * * LOW HITPOINT WARNING * * *
You barely miss Pikel.
Pikel is almost dead.
Pikel hits you but does no damage.
Unknown command.
You barely miss Pikel.
Pikel is almost dead.
Pikel hits you with a +1 whip of flaming.
* * * LOW HITPOINT WARNING * * *
Pikel burns you.
* * * LOW HITPOINT WARNING * * *
Unknown command.
Unknown command.
Unknown command.
You hit Pikel but do no damage.
Pikel is almost dead.
You block Pikel's attack. Pikel barely misses you.
Unknown command.
Unknown command.
You closely miss Pikel.
Pikel is almost dead.
Pikel barely misses you.
Unknown command.
Unknown command.
You hit Pikel.
Pikel is almost dead.
You block Pikel's attack.
Unknown command.
Unknown command.
You hit Pikel.
Pikel is almost dead.
Pikel hits you with a +1 whip of flaming.
You die...

#.# #.# #.#
#####
#.#......
#.#.....
##.#..#.#
#.K...#.#
#.@##.#.# ###
#.....#.# #<#
#...#.#.####)#
#............#
#.###.#.######
## #####


You could see Pikel.

Vanquished Creatures
  Sigmund (D:2)
  A black bear (D:3)
  4 lemures
  2 scorpions
  2 orc priests (D:4)
  2 iguanas
  4 adders
  A white imp (D:5)
  A worm (D:2)
  11 dart slugs
  10 orcs
  9 ball pythons
  2 bats (D:1)
  4 endoplasms
  A giant cockroach (D:2)
  5 goblins
  5 hobgoblins
  3 jackals (D:1)
  6 quokkas
  A frilled lizard (D:1)
  5 kobolds
  5 rats
85 creatures vanquished.

Notes
Turn   | Place    | Note
-------+----------+-------------------------------------------
     0 | D:1      | magipi the Gargoyle Fighter began the quest for the Orb.
     0 | D:1      | Reached XP level 1. HP: 14/14 MP: 1/1
    27 | D:1      | Reached skill level 2 in Axes
    49 | D:1      | Reached XP level 2. HP: 15/19 MP: 2/2
   253 | D:1      | Reached skill level 3 in Axes
   291 | D:1      | Reached XP level 3. HP: 15/23 MP: 3/3
   435 | D:2      | Noticed Sigmund
   449 | D:2      | Killed Sigmund
   450 | D:2      | Reached skill level 5 in Axes
   450 | D:2      | Reached XP level 4. HP: 21/28 MP: 4/4
   450 | D:2      | Reached XP level 5. HP: 24/32 MP: 5/5
   568 | D:2      | Found a glowing silver altar of Zin.
   611 | D:2      | Reached XP level 6. HP: 31/37 MP: 6/6
   622 | D:2      | Became a worshipper of Zin the Law-Giver
   679 | D:2      | Found Meho's Armour Boutique.
   941 | D:3      | Noticed a black bear
   943 | D:3      | Found a shadowy altar of Dithmenos.
   950 | D:3      | Killed a black bear
   951 | D:3      | Reached skill level 6 in Axes
  1012 | D:3      | Reached * piety under Zin
  1055 | D:3      | Found an opulent altar of Gozag.
  1056 | D:3      | Found a glowing silver altar of Zin.
  1669 | D:4      | Reached XP level 7. HP: 35/41 MP: 7/7
  1698 | D:4      | Reached ** piety under Zin
  1762 | D:4      | Reached skill level 7 in Axes
  1956 | D:4      | Found an ornate altar of the Wu Jian Council.
  2003 | D:5      | Entered Level 5 of the Dungeon
  2347 | D:5      | Noticed Pikel
  2370 | D:5      | Slain by Pikel

Illustrated notes

Levels and vault maps discovered:
D:1:      nicolae_arrival_memento_mori, layout_basic, st_stairs_12
D:2:      layout_rooms, basic_altar, serial_shops, nicolae_shop_waterfront,
          uniq_terence, uniq_sigmund
D:3:      layout_rooms, grunt_temple_overflow_gold_and_silver,
          nicolae_dithmenos_the_darkroom, minmay_misc_feat_alley
D:4:      kennysheep_slugbush, layout_layer_cave, general_overflow_altar,
          beargit_hepliaklqana_dungeon_heroes, gammafunk_ghost_cemetery,
          uniq_duvessa
D:5:      layout_basic, nemelex_diamond_rough_becter,
          gammafunk_ghost_stat_death, uniq_pikel

Skill      XL: |  1  2  3  4  5  6  7 |
---------------+----------------------+-----
Axes           | 2 3 5 6 7 |  7.4
Fighting       | |  3.2
Armour         | |  3.2
Shields        | |  3.2

Action                   |  1- 3 |  4- 6 |  7- 9 || total
-------------------------+-------+-------+-------++-------
Melee: War axe           |    86 |   101 |    95 ||   282
  Use: Potion            |     1 |       |       ||     1
Armor: Scale mail        |    42 |    55 |    32 ||   129
Dodge: Dodged            |    50 |    44 |    23 ||   117
Block: Buckler           |    19 |    21 |    35 ||    75
       Reflection        |       |     2 |     7 ||     9
